 Dungeon Crawl Stone Soup version 0.29.1-12-g30fa7ad0bf (webtiles) character file.

Game seed: 10651313144887372448

182 MacCMillion the Caller (level 5, -5/31 HPs)
             Began as an Octopode Summoner on Jan 2, 2023.
             Killed by divine providence
             ... invoked by an orc priest
              (15 damage)
             ... on level 4 of the Dungeon.
             The game lasted 00:16:16 (3907 turns).

MacCMillion the Caller (Octopode Summoner)          Turns: 3907, Time: 00:16:17

Health: -5/31      AC:  1    Str:  7    XL:     5   Next: 61%
Magic:  2/9        EV: 28    Int: 19    God:
Gold:   233        SH:  0    Dex: 13    Spells: 4/10 levels left

rFire   . . .      SeeInvis .   x - +0 spear
rCold   . . .      Faith    .   (no shield)
rNeg    . . .      Spirit   .   (helmet restricted)
rPois   .          Reflect  .   d - amulet of the acrobat
rElec   .          Harm     .   p - ring of resist corrosion
rCorr   +          Rampage  .   (no ring)
Will    .....                   (no ring)
Stlth   +++.......              (no ring)
HPRegen 0.10/turn               (no ring)
MPRegen 0.11/turn               (no ring)
                                (no ring)
                                (no ring)

@: acrobatic
A: almost no armour, amphibious, 8 rings, camouflage 1, gelatinous body 1,
(nimble swimmer 1), tentacles
a: no special abilities


You were on level 4 of the Dungeon.
You visited 1 branch of the dungeon, and saw 4 of its levels.

You collected 233 gold pieces.

Inventory:

Hand Weapons
 f - a +0 short sword
 h - a +0 dagger
 x - a +0 spear (weapon)
Missiles
 v - 3 throwing nets
Jewellery
 d - an amulet of the acrobat (around mantle)
 p - a ring of resist corrosion (left tentacle)
Scrolls
 b - a scroll of silence {unknown}
 e - a scroll of enchant armour
 i - a scroll of amnesia
 j - 2 scrolls of blinking
 l - a scroll of enchant weapon {unknown}
 m - a scroll of immolation {unknown}
 o - 2 scrolls of vulnerability {unknown}
 u - a scroll of noise {unknown}
 y - a scroll of brand weapon {unknown}
 z - a scroll of torment {unknown}
Potions
 a - a potion of magic
 c - a potion of might
 g - a potion of haste {unknown}
 k - a potion of berserk rage {unknown}
 n - a potion of curing
 r - 2 potions of mutation
 s - a potion of ambrosia {unknown}
 t - a potion of attraction {unknown}
 w - a potion of cancellation {unknown}
 A - a potion of lignification {unknown}


   Skills:
 - Level 2.0 Dodging
 - Level 2.7 Stealth
 + Level 3.2 Spellcasting
 + Level 1.1 Hexes
 * Level 5.8 Summonings


You had 4 spell levels left.
You knew the following spells:

 Your Spells              Type           Power      Damage    Failure   Level
b - Call Canine Familiar  Summ           25%        N/A       4%          3
c - Summon Guardian Gole  Hex/Summ       16%        N/A       11%         3

Your spell library contained the following spells:

 Spells                   Type           Power      Damage    Failure   Level
 Summon Small Mammal      Summ           100%       N/A       1%          1
 Call Imp                 Summ           25%        N/A       1%          2
 Stone Arrow              Conj/Erth      6%         3d7       41%         3
 Summon Lightning Spire   Summ/Air       14%        N/A       41%         4
 Lehudib's Crystal Spear  Conj/Erth      1%         10d2      100%        8
 Animate Armour           Summ/Erth      Unusable   N/A       N/A         4

Dungeon Overview and Level Annotations

Branches:
Dungeon (4/15)
 Temple: D:4-7

Altars:
Kikubaaqudgha
Uskayaw

Annotations:
D:2 Natasha
D:4 Menkaure


Innate Abilities, Weirdness & Mutations

You cannot wear most types of armour.
You are amphibious.
You can wear up to eight rings at the same time.
Your skin changes colour to match your surroundings (Stealth+).
Your rubbery body absorbs attacks. (AC +1, EV +1)
((You are camouflaged when in or above water. (Stealth+)))
You have tentacles for arms and can constrict up to eight enemies at once.


Message History

You hit the orc priest but do no damage.
The orc priest is severely wounded.
Your hound bites the orc priest.
The orc priest invokes the aid of Beogh against you.
Beogh smites you!
* * * LOW HITPOINT WARNING * * *
Your hound bites the orc priest but does no damage.
Unknown command.
Reach: x) +0 spear
Press: ? - help, Dir - move target, f/p - orc priest
Aim: an orc priest, wielding a +0 short sword and wearing a +1 scale mail of poison resistance (almost dead, ally target, about 37% to evade your +0 spear)
You reach to attack!
You hit the orc priest but do no damage.
The orc priest is almost dead.
The orc priest barely misses your hound.
Your hound bites the orc priest but does no damage.
Unknown command.
You feel better.
Your hound bites the orc priest but does no damage.
The orc priest hits your hound with a +0 short sword.
The orc priest closely misses your hound.
A giant cockroach comes into view.
Your hound bites the orc priest but does no damage.
Unknown command.
An orc comes into view. It is wielding a +0 falchion.
Your hound bites the orc priest but does no damage.
The orc priest hits your hound with a +0 short sword.
The orc priest hits your hound with a +0 short sword!
Your hound dies!
Your hound's corpse disappears in a puff of smoke!
The orc priest shouts!
You hear a shout! x5
A hobgoblin comes into view.
Casting: Call Canine Familiar (dangerous; 4% risk of failure)
Confirm with . or Enter, or press ? or * to list all spells.
You don't have enough magic to cast this spell.
Unknown command.
The orc priest calls down the wrath of Beogh upon you.
Beogh smites you!
You die...

###########################
#..oBoo...@................
#.<..######################
#.....##'# .... #.##.. ..
#... #...§. .### ..§.§.
##§§§≈≈ # #§§... #. #§§ #.


You could see 2 orc priests, an orc and a giant cockroach.

Vanquished Creatures
  A shadow imp (D:3)
  2 bats
  A jackal (D:1)
  A frilled lizard (D:2)
5 creatures vanquished.

Vanquished Creatures (collateral kills)
  A hound (D:4)
  4 gnolls
  3 adders
  A worm (D:3)
  2 dart slugs
  6 orcs
  2 endoplasms (D:1)
  6 goblins
  4 hobgoblins
  5 jackals
  6 kobolds
  2 quokkas
  4 ball pythons
  4 bats
  6 frilled lizards
  8 rats
64 creatures vanquished.

Grand Total: 69 creatures vanquished

Notes
Turn   | Place    | Note
-------+----------+-------------------------------------------
     0 | D:1      | MacCMillion the Octopode Summoner began the quest for the
                  | Orb.
     0 | D:1      | Reached XP level 1. HP: 11/11 MP: 3/3
   232 | D:1      | Reached XP level 2. HP: 17/17 MP: 5/5
   239 | D:1      | Found a faded altar of an unknown god.
   891 | D:2      | Reached XP level 3. HP: 21/21 MP: 3/6
  1034 | D:2      | Noticed Natasha
  1082 | D:2      | Learned a level 3 spell: Call Canine Familiar
  1473 | D:1      | Reached skill level 5 in Summonings
  1943 | D:2      | Reached XP level 4. HP: 27/27 MP: 5/8
  2102 | D:2      | Found an ancient bone altar of Kikubaaqudgha.
  2499 | D:3      | Found a hide-covered altar of Uskayaw.
  2522 | D:3      | Learned a level 3 spell: Summon Guardian Golem
  2707 | D:3      | Reached XP level 5. HP: 31/31 MP: 6/9
  3195 | D:4      | Noticed Menkaure
  3348 | D:4      | Noticed an ogre
  3348 | D:4      | Noticed an ogre
  3411 | D:4      | Reached skill level 1 in Hexes
  3901 | D:4      | HP: 1/31 [orc priest/divine providence (10)]
  3907 | D:4      | Killed from afar by an orc priest

Illustrated notes

Levels and vault maps discovered:
D:1:      nicolae_arrival_washed_ashore, layout_basic,
          ebering_ecumenical_altar_petrified, item_on_display_a
D:2:      layout_loops_ring, basic_altar, minmay_indecisive_spiral,
          uniq_crazy_yiuf_cottage, uniq_natasha
D:3:      layout_basic, nicolae_uskayaw_dance_hall, hex_large
D:4:      layout_basic, mainiacjoe_overflow_cross_hatched, st_stairs_10,
          uniq_robin, uniq_menkaure

Skill      XL: |  1  2  3  4  5 |
---------------+----------------+-----
Summonings     | 5 |  5.8
Spellcasting   | 3 |  3.2
Hexes          | 1 |  1.1
Dodging        | |  2.0
Stealth        | |  2.7

Action                   |  1- 3 |  4- 6 || total
-------------------------+-------+-------++-------
Melee: Dagger            |     6 |     2 ||     8
       Tentacles         |     3 |     1 ||     4
       Constrict         |     2 |     2 ||     4
       Spear             |       |    20 ||    20
 Cast: Summon Small Mamm |    48 |     8 ||    56
       Call Canine Famil |     9 |    17 ||    26
  Use: Scroll            |       |     6 ||     6
       Potion            |       |     1 ||     1
Armor: Skin              |     3 |     1 ||     4
Dodge: Dodged            |    22 |    16 ||    38
